 Dungeon Crawl Stone Soup version 0.31-a0-978-g1e143483b6 (webtiles) character file.

Game seed: 6177682314489480856

6 Arzdou the Ruffian (level 1, 0/18 HPs)
             Began as a Naga Shapeshifter on Oct 30, 2023.
             Slain by a goblin
             ... wielding a +0 club
              (4 damage)
             ... on level 1 of the Dungeon.
             The game lasted 00:00:09 (46 turns).

Arzdou the Ruffian (Naga Shapeshifter)                Turns: 46, Time: 00:00:10

Health: 0/18       AC:  1    Str: 16    XL:     1   Next: 90%
Magic:  1/1        EV:  9    Int: 10    God:
Gold:   0          SH:  0    Dex: 10    Spells: 0/0 levels left

rFire   . .          .
                       - Unarmed
rCold   . . .        (no shield)
rNeg    . . .        a - +0 animal skin
rPois   +            (helmet currently unavailable)
rElec   .            (cloak currently unavailable)
rCorr   .            (gloves currently unavailable)
SInv    +            (no barding)
Will    .....        (no amulet)
Stlth   +            (no ring)
HPRegen 0.23/turn    (no ring)
MPRegen 0.07/turn

%: no passive effects
@: beast-form, very slow
A: beast (slay +1), AC +0, large, see invisible, deformed body, poison
resistance, slowness 2, spit poison 1, naga tail 1
a: Spit Poison, Begin Untransformation


You were on level 1 of the Dungeon.
You were a hulking beast.
You visited 1 branch of the dungeon, and saw 1 of its levels.

Inventory:

Armour
 a - a +0 animal skin (worn)
Talismans
 c - a beast talisman
 d - a flux talisman
Potions
 b - a potion of lignification


   Skills:
 + Level 1.2 Fighting
 + Level 1.7 Dodging
 + Level 3.1 Unarmed Combat
 + Level 3.0 Shapeshifting


You couldn't memorise any spells.
You didn't know any spells.
Your spell library was empty.

Dungeon Overview and Level Annotations

Branches:
Dungeon (1/15)

Altars:

Annotations:
D:1 1 transporter


Innate Abilities, Weirdness & Mutations

You are a hulking beast.
Your limbs bulge with bestial killing power. (Slay +1)
Your serpentine skin is tough. (AC +0)
You have supernaturally acute eyesight. (SInv)
Armour fits poorly on your strangely shaped body.
Your system is resistant to poisons. (rPois)
You cover ground very slowly.
You can spit poison.
You have a snake-like lower body.


Message History

The jackal is heavily wounded.
The jackal bites you. x2
You hit the jackal.
The jackal is severely wounded.
A jackal comes into view.
The jackal bites you.
The jackal barks!
You hit the jackal.
You kill the jackal!
You miss the jackal. The jackal barely misses you.
A goblin comes into view. It is wielding a +0 club.
The jackal barely misses you.
You punch the jackal!
You kill the jackal!
You closely miss the frilled lizard. The frilled lizard bites you.
You miss the frilled lizard.
The frilled lizard bites you but does no damage.
You miss the frilled lizard. The frilled lizard bites you.
You hit the frilled lizard.
You kill the frilled lizard!
The jackal bites you.
* * * LOW HITPOINT WARNING * * *
You hit the jackal.
The jackal is moderately wounded.
The jackal closely misses you.
You completely miss the jackal.
The jackal is moderately wounded.
The jackal barely misses you.
You hit the jackal.
You kill the jackal!
You hit the rat.
You kill the rat!
You closely miss the frilled lizard. The frilled lizard bites you.
* * * LOW HITPOINT WARNING * * *
You hit the frilled lizard.
You kill the frilled lizard!
You hit the goblin.
The goblin is moderately wounded.
The goblin hits you with a +0 club.
You die...

#.# #.. #.# #[# #.#
#.# #.#### #.#
#....# #.#
#.##.#####.# .
#..........# .#.
#..######..###.....
#..# #..hg..#.#.
#..# #..###.....
##.# #.## .#. #.#
#.. . #.# #.. ..#
#.. .. .#


You could see a goblin.

Vanquished Creatures
  3 jackals (D:1)
  2 frilled lizards (D:1)
  A rat (D:1)
6 creatures vanquished.

Notes
Turn   | Place    | Note
-------+----------+-------------------------------------------
     0 | D:1      | Arzdou the Naga Shapeshifter began the quest for the Orb.
     0 | D:1      | Reached XP level 1. HP: 18/18 MP: 1/1
    46 | D:1      | Slain by a goblin

Illustrated notes

Levels and vault maps discovered:
D:1:      spicycebolla_arrival_risky_transporter, layout_loops_ring,
          dreamdust_ecumenical_altar_hidden_monk_grotto, nrook_mini_vaults,
          glass_columns_c

Action                     || total
---------------------------++-------
  Melee: Unarmed           ||    17
 Armour: Animal skin       ||     9
  Dodge: Dodged            ||     5

Table legend: (Time is in decaauts)
 A = Elapsed time spent in this place.
 B = Non-inter-level travel time spent in this place.
 C = Inter-level travel time spent in this place.
 D = Time resting spent in this place.
 E = Time spent auto-exploring this place.
 F = Levels seen in this place.
 G = Mean time per level.
                   A        B        C        D        E       F      G
               +--------+--------+--------+--------+--------+-----+--------+
         Total |     57 |     57 |      0 |      0 |     37 |   1 |   57.0 |
       Dungeon |     57 |     57 |      0 |      0 |     37 |   1 |   57.0 |
               +--------+--------+--------+--------+--------+-----+--------+

Top non-repeatable levels by time:
     D:1: 57 daAuts
